 Dungeon Crawl Stone Soup version 0.25-a0-346-g140ab784a8 (webtiles) character file.

Game seed: 9155881122243913911, levelgen mode: deterministic

123 Gildeon the Conjurer (level 4, -2/24 HPs)
             Began as a Deep Elf Conjurer on Dec 31, 2019.
             Slain by an orc wizard
             ... wielding a +0 dagger
              (4 damage)
             ... on level 4 of the Dungeon.
             The game lasted 00:11:09 (3176 turns).

Gildeon the Conjurer (Deep Elf Conjurer)            Turns: 3176, Time: 00:11:09

Health: -2/24      AC:  2    Str:  5    XL:     4   Next: 79%
Magic:  2/12       EV: 14    Int: 21    God:
Gold:   117        SH:  0    Dex: 15    Spells: 1/11 levels left

rFire    . . .     SeeInvis .   d - +0 dagger
rCold    . . .     Gourm    .   (no shield)
rNeg     . . .     Faith    .   a - +0 robe
rPois    .         Spirit   .   (no helmet)
rElec    .         Reflect  .   (no cloak)
rCorr    .         Harm     .   (no gloves)
MR       .....                  (no boots)
Stlth    +++.......             (no amulet)
HPRegen  0.08/turn              (no ring)
MPRegen  0.13/turn              (no ring)

@: very slightly contaminated
A: no striking features
a: no special abilities


You were on level 4 of the Dungeon.
You were not hungry.

You visited 1 branch of the dungeon, and saw 4 of its levels.

You collected 117 gold pieces.

Inventory:

Hand Weapons
 d - a +0 dagger (weapon)
 l - a +1 whip of venom
Armour
 a - a +0 robe (worn)
 i - a +0 shield
Wands
 b - a wand of enslavement (12)
Scrolls
 e - 2 scrolls of teleportation
 f - 2 scrolls of remove curse
 g - a scroll of immolation
 h - a scroll of enchant armour
 m - a scroll of magic mapping {unknown}
 q - a scroll of amnesia {unknown}
Potions
 j - 2 potions of flight
 k - 3 potions of mutation
 o - a potion of invisibility {unknown}
 p - 3 potions of brilliance {unknown}
Comestibles
 c - 4 rations
 n - 5 chunks of flesh


   Skills:
 + Level 3.7 Dodging
 + Level 3.9 Stealth
 + Level 4.3 Spellcasting
 - Level 5.0 Conjurations
 + Level 0.1 Hexes
 + Level 0.1 Translocations
 + Level 0.0 Evocations


You had one spell level left.
You knew the following spells:

 Your Spells              Type           Power        Failure   Level  Hunger
a - Magic Dart            Conj           ####         1%          1    None
b - Searing Ray           Conj           ####..       2%          2    #......
c - Dazzling Flash        Conj/Hex       ###...       12%         3    ##.....
d - Iskenderun's Mystic   Conj/Tloc      ###.....     38%         4    ####...

Your spell library contained the following spells:

 Spells                   Type           Power        Failure   Level  Hunger
 Fulminant Prism          Conj/Hex       ###.......   38%         4    ####...


Dungeon Overview and Level Annotations

Branches:
Dungeon (4/15)
 Temple: D:4-7

Altars:
Hepliaklqana


Message History

(Press . to maintain the ray.)
Something hits you.
Without enough magic to sustain it, your searing ray dissipates.
Something hits you but does no damage. Something hits you.
You hear some strange, mumbled words.
You are confused.
You closely miss something. Something hits you.
You closely miss something. Something hits you.
* * * LOW HITPOINT WARNING * * *
You bump into the rock wall.
You hear some strange, mumbled words.
Something tries to affect you, but you resist.
Something hits you.
* * * LOW HITPOINT WARNING * * *
You feel less confused. The hound bites you but does no damage.
The hound pauses to sniff the ground.
The hound closely misses you. Something hits you.
You die...

#####
##...#####
#.....)).#
#....###.#
#....# .#
#....# o#
#h{..# .#
#@...# .#
#....# .#
#....# .#
#.#### #.#
#<# ###


You could see a hound.

Vanquished Creatures
  A worker ant (D:2)
  3 adders (D:2)
  An ooze (D:2)
  2 worms
  3 dart slugs
  4 orcs (D:4)
  6 giant cockroaches
  4 hobgoblins
  8 bats
  3 frilled lizards
  8 goblins
  4 kobolds
  7 rats
54 creatures vanquished.

Notes
Turn   | Place    | Note
-------+----------+-------------------------------------------
     0 | D:1      | Gildeon the Deep Elf Conjurer began the quest for the Orb.
     0 | D:1      | Reached XP level 1. HP: 10/10 MP: 6/6
   204 | D:1      | Reached XP level 2. HP: 15/15 MP: 8/8
   211 | D:1      | Learned a level 2 spell: Searing Ray
  1193 | D:2      | Reached XP level 3. HP: 19/19 MP: 3/10
  1254 | D:2      | Learned a level 3 spell: Dazzling Flash
  1984 | D:2      | Reached XP level 4. HP: 22/24 MP: 8/12
  1993 | D:2      | Learned a level 4 spell: Iskenderun's Mystic Blast
  2508 | D:3      | Found a faded altar of an unknown god.
  2557 | D:3      | Reached skill level 5 in Conjurations
  2866 | D:3      | Found a hazy altar of Hepliaklqana.
  3170 | D:4      | HP: 1/24 [something (4)]
  3176 | D:4      | Slain by an orc wizard

Levels and vault maps discovered:
D:1:      lemuel_arrival_behind_the_door_large, layout_basic
D:2:      layout_basic
D:3:      layout_basic, lemuel_coloured_pillars_altar, first_ration,
          chequers_ecumenical_altar_simple_redux, st_stairs_7
D:4:      layout_basic, nicolae_tso_besieged_by_evil, led_sif_book,
          kennysheep_little_box

Skill      XL: |  1  2  3  4 |
---------------+-------------+-----
Stealth        | 3 |  3.9
Dodging        | 3 |  3.7
Spellcasting   | 4 |  4.3
Conjurations   | 5 |  5.0
Hexes          | |  0.1
Translocations | |  0.1

Action                   |  1- 3 |  4- 6 || total
-------------------------+-------+-------++-------
Melee: Dagger            |    33 |    16 ||    49
 Cast: Magic Dart        |    57 |    24 ||    81
       Searing Ray       |     1 |     5 ||     6
  Use: Scroll            |     7 |     1 ||     8
       Potion            |       |     2 ||     2
 Stab: Sleeping          |    10 |     1 ||    11
  Eat: Chunk             |     3 |     4 ||     7
Armor: Robe              |     7 |     3 ||    10
Dodge: Dodged            |    30 |    22 ||    52

Table legend:
 A = Non-vault XP
 B = Vault XP
 C = Vault XP percentage of total XP
 D = Non-vault monster count
 E = Vault monster count
 F = Vault count percentage of total count
                 A         B        C        D         E       F
            +---------+---------+-------+---------+---------+-------
      Total |     169 |       7 |   4.0 |      52 |       2 |   3.7
            +---------+---------+-------+---------+---------+-------
        D:1 |      37 |       0 |   0.0 |      23 |       0 |   0.0
        D:2 |     106 |       0 |   0.0 |      18 |       0 |   0.0
        D:3 |      14 |       7 |  33.3 |       7 |       2 |  22.2
        D:4 |      12 |       0 |   0.0 |       4 |       0 |   0.0
            +---------+---------+-------+---------+---------+-------
